 Dungeon Crawl Stone Soup version 0.21-a0-95-g06f091e (webtiles) character file.

669 HAL9000 the Covered (level 7, 0/63 HPs)
             Began as a Minotaur Fighter on July 4, 2017.
             Slain by Edmund
             ... wielding a +4 flail of crushing
              (1 damage)
             ... on level 4 of the Dungeon.
             The game lasted 00:05:27 (3176 turns).

HAL9000 the Covered (Minotaur Fighter)              Turns: 3176, Time: 00:05:29

Health: 0/63       AC:  9    Str: 22    XL:     7   Next: 32%
Magic:  6/6        EV:  8    Int:  5    God:
Gold:   103        SH: 10    Dex: 12    Spells: 6/6 levels left

rFire    + . .     SeeInvis .   a - +0 long sword
rCold    . . .     Gourm    .   c - +0 shield
rNeg     . . .     Faith    .   b - +0 scale mail
rPois    .         Spirit   .   (helmet restricted)
rElec    .         Reflect  .   (no cloak)
rCorr    .         Harm     .   n - +1 pair of gloves
MR       .....                  (no boots)
Stlth    ..........             (no amulet)
HPRegen  0.60/turn              y - ring of protection from fire
MPRegen  0.10/turn              (no ring)

@: no status effects
A: retaliatory headbutt, horns 2, agile 1, regeneration 1
a: no special abilities


You were on level 4 of the Dungeon.
You were hungry.

You visited 1 branch of the dungeon, and saw 4 of its levels.
You also visited: Ossuary.

You collected 103 gold pieces.

Inventory:

Hand Weapons
 a - a +0 long sword (weapon)
Missiles
 t - a throwing net (quivered)
Armour
 b - a +0 scale mail (worn)
 c - a +0 shield (worn)
 n - a +1 pair of gloves (worn)
Jewellery
 y - a ring of protection from fire (left hand)
Scrolls
 i - 5 scrolls of teleportation {unknown}
 l - a scroll of fear {unknown}
 o - 7 scrolls of identify {unknown}
 q - 3 scrolls of remove curse {unknown}
 r - 4 scrolls of amnesia {unknown}
 v - a scroll of blinking {unknown}
 D - a scroll of noise {unknown}
Potions
 d - 2 potions of might
 j - 2 potions of mutation
 s - 2 potions of degeneration {unknown}
 w - a potion of lignification {unknown}
 x - 3 potions of heal wounds {unknown}
 A - 2 potions of curing {unknown}
 B - 2 potions of brilliance {unknown}
 C - a potion of cancellation {unknown}
 E - a potion of resistance {unknown}
 F - a potion of flight {unknown}
Comestibles
 f - 5 bread rations
 h - 3 meat rations


   Skills:
 + Level 6.0 Fighting
 + Level 5.3 Long Blades
 + Level 6.0 Armour
 + Level 5.9 Shields


You had 6 spell levels left.
You didn't know any spells.

Dungeon Overview and Level Annotations

Branches:
Dungeon (4/15)
 Temple: D:4-7

Altars:
Dithmenos

Annotations:
D:4 Edmund


Innate Abilities, Weirdness & Mutations

You reflexively headbutt those who attack you in melee.
You have a pair of horns on your head.
You are agile. (Dex +2)
Your natural rate of healing is unusually fast.


Message History

You hit Edmund. Your headbutt misses Edmund.
Edmund is severely wounded.
Edmund hits you with a flail of crushing. x2
* * * LOW HITPOINT WARNING * * *
x2 You hit Edmund but do no damage.
You headbutt Edmund.
Edmund is almost dead.
Edmund hits you with a flail of crushing.
* * * LOW HITPOINT WARNING * * *
x2 An arrow hits the phantom!
You hit Edmund but do no damage.
Edmund is severely wounded.
Edmund hits you with a flail of crushing.
* * * LOW HITPOINT WARNING * * *
x2 You block Edmund's attack.
Unknown command.
It was a potion of mutation.
You feel extremely strange.
You begin to heal more quickly.
You feel agile.
Edmund hits you with a flail of crushing!
* * * LOW HITPOINT WARNING * * *
You die...

#......# #..
#......# ..#
#......#######.#
...#...........###
...#......####.#.##
...#......##...#^^##
...............'^..#
...#......##...#@W##
...#....††.....#@##
...#...........###
...#...........#
...#.........W.#
...#..............
...######.......:.
#.......#..
#.......#..
##......#


You could see Edmund and a phantom.

Vanquished Creatures
  A wraith (Ossuary)
  The ghost of sagitran the Gusty, an amateur TeAE of Fedhas (D:3)
  2 scorpions
  A howler monkey (D:4)
  Terence (D:3)
  A worker ant (D:4)
  2 mummies
  4 gnolls (D:3)
  6 adders
  2 oozes
  A worm (D:2)
  2 dart slugs (D:2)
  4 orcs (D:3)
  2 ball pythons
  6 bats
  5 giant cockroaches
  10 goblins
  4 hobgoblins
  11 jackals
  A quokka (D:2)
  3 frilled lizards
  7 gnoll skeletons (Ossuary)
  11 kobolds
  5 kobold skeletons (Ossuary)
  12 orc skeletons (Ossuary)
  6 rats
111 creatures vanquished.

Vanquished Creatures (others)
  A kobold (D:1)
  A rat (D:1)
2 creatures vanquished.

Grand Total: 113 creatures vanquished

Notes
Turn   | Place    | Note
-------+----------+-------------------------------------------
     0 | D:1      | HAL9000 the Minotaur Fighter began the quest for the Orb.
     0 | D:1      | Reached XP level 1. HP: 19/19 MP: 0/0
   172 | D:1      | Reached XP level 2. HP: 25/27 MP: 1/1
  1332 | D:2      | Reached XP level 3. HP: 33/33 MP: 2/2
  1685 | D:2      | Reached XP level 4. HP: 41/41 MP: 3/3
  2113 | D:3      | Noticed sagitran's ghost (amateur TeAE)
  2127 | D:3      | Killed sagitran's ghost
  2127 | D:3      | Reached XP level 5. HP: 21/47 MP: 4/4
  2136 | D:3      | Reached skill level 5 in Armour
  2152 | D:3      | Reached skill level 5 in Fighting
  2152 | D:3      | Reached skill level 5 in Shields
  2328 | D:3      | Found a shadowy altar of Dithmenos.
  2481 | D:3      | Reached XP level 6. HP: 50/56 MP: 5/5
  2569 | D:3      | Noticed Terence
  2579 | D:3      | Killed Terence
  2908 | D:4      | Reached skill level 5 in Long Blades
  2911 | D:4      | Found a sand-covered staircase.
  2922 | Ossuary  | Entered an ossuary
  2922 | Ossuary  | Noticed a wraith
  2922 | Ossuary  | Noticed a wraith
  2922 | Ossuary  | Noticed a wraith
  3014 | Ossuary  | Noticed a wraith
  3035 | Ossuary  | Killed a wraith
  3035 | Ossuary  | Reached XP level 7. HP: 54/63 MP: 6/6
  3154 | D:4      | Noticed Edmund
  3176 | D:4      | Gained mutation: Your natural rate of healing is unusually fast. [potion of mutation]
  3176 | D:4      | Gained mutation: You are agile. (Dex +2) [potion of mutation]
  3176 | D:4      | HP: 1/63 [Edmund/flail of crushing (9)]
  3176 | D:4      | Slain by Edmund

Vault maps used:
D:1:      dpeg_arrival_windows_large_door, nrook_mini_backslash,
          lemuel_flame_loot_1
D:2:      first_bread
D:3:      nicolae_dithmenos_shadow_blocks, uniq_terence
D:4:      wad_pebble_path, minmay_temple_entry_large_hall,
          gup_ossuary_entry_pyramid, serial_bayou_pond_d, minivault_1,
          uniq_edmund
Ossuary:  ossuary_due_mausoleum

Skill      XL: |  1  2  3  4  5  6 |
---------------+-------------------+-----
Armour         | 4 5 6 |  6.0
Fighting       | 4 5 6 |  6.0
Long Blades    | 3 4 5 |  5.3
Shields        | 4 5 |  5.9

Action                   |  1- 3 |  4- 6 |  7- 9 || total
-------------------------+-------+-------+-------++-------
Melee: Long sword        |    91 |   160 |    42 ||   293
       Headbutt          |    15 |    30 |    13 ||    58
  Use: Potion            |       |     1 |     1 ||     2
  Eat: Chunk             |     2 |     5 |       ||     7
Armor: Scale mail        |    37 |    67 |    12 ||   116
Dodge: Dodged            |    21 |    51 |    13 ||    85
Block: Shield            |    42 |   107 |    22 ||   171
       Rpst.: Long sword |     7 |    10 |     5 ||    22
